 Dungeon Crawl Stone Soup version 0.27-a0-965-gbf8bb431c4 (webtiles) character file.

Game seed: 6779635664153366847

14916 bilbop the Thaumaturge (level 12, -9/63 HPs)
             Began as a Djinni Conjurer on Apr 13, 2021.
             Was an Elder of Hepliaklqana.
             Mangled by a seven-headed hydra (12 damage)
             ... on level 2 of the Lair of Beasts.
             The game lasted 01:23:06 (17152 turns).

bilbop the Thaumaturge (Djinni Conjurer)           Turns: 17152, Time: 01:23:07

Health: -9/63      AC: 11    Str:  6    XL:     12   Next: 21%
Gold:   226        EV: 17    Int: 21    God:    Hepliaklqana [****..] SH:  0 Dex: 16

rFire    + + .     SeeInvis .   H - +3 dagger (chaos)
rCold    x . .     Faith    .   (no shield)
rNeg     . . .     Spirit   .   I - +3 robe of Qaebutan {Rampage +Blink Will+}
rPois    ∞         Reflect  .   J - +2 hat {Will+}
rElec    .         Harm     .   h - +2 cloak
rCorr    +         Rampage  +   o - +0 pair of gloves
Will     +++..                  (boots unavailable)
Stlth    ++++......             (no amulet)
HPRegen  0.20/turn              p - ring of resist corrosion
MPRegen  0.00/turn              (no ring)

@: flying
A: reduced essence, fire resistance 2, cold vulnerability 1, float, innate
caster, hp casting, extra vitality 1
a: Renounce Religion, Evoke Blink, Recall Ancestor, Ancestor Identity,
Transference, Idealise


You were on level 2 of the Lair of Beasts.
You worshipped Hepliaklqana.
Hepliaklqana was greatly pleased with you.
You visited 3 branches of the dungeon, and saw 14 of its levels.

You collected 657 gold pieces.
You spent 431 gold pieces at shops.

Inventory:

Hand Weapons
 D - a +2 dagger of venom
 H - a +3 dagger of chaos (weapon)
Missiles
 L - 10 curare-tipped darts
Armour
 c - a +2 helmet
 h - a +2 cloak (worn)
 n - a +0 leather armour of willpower
 o - a +0 pair of gloves (worn)
 q - a +2 robe of positive energy
 C - +0 steam dragon scales
 I - the +3 robe of Qaebutan (worn) {Rampage +Blink Will+}
   (You bought it in a shop on level 10 of the Dungeon)

   It lets you blink.
   It bestows one free step when moving towards enemies.
   It increases your willpower.
 J - a +2 hat of willpower (worn)
Jewellery
 p - a ring of resist corrosion (left hand)
 z - an amulet of faith
Wands
 l - a wand of digging (13)
 F - a wand of flame (87)
 K - a wand of iceblast (22)
 N - a wand of mindburst (14)
Scrolls
 a - 3 scrolls of magic mapping
 d - 3 scrolls of fog
 i - a scroll of summoning {unknown}
 m - 3 scrolls of brand weapon
 r - a scroll of acquirement {unknown}
 s - a scroll of amnesia {unknown}
 v - a scroll of blinking {unknown}
 w - a scroll of fear {unknown}
 y - 2 scrolls of enchant weapon
 B - a scroll of teleportation {unknown}
 E - a scroll of silence {unknown}
 G - 3 scrolls of enchant armour
 M - a scroll of vulnerability {unknown}
Potions
 b - 4 potions of resistance
 e - 2 potions of degeneration {unknown}
 f - 3 potions of brilliance {unknown}
 g - 4 potions of curing
 j - a potion of flight {unknown}
 k - a potion of might {unknown}
 t - 2 potions of heal wounds {unknown}
 u - a potion of cancellation {unknown}
 x - a potion of magic {unknown}
 A - a potion of ambrosia {unknown}


   Skills:
 + Level 8.0 Short Blades
 + Level 9.9 Dodging
 + Level 8.2 Stealth
 * Level 11.0 Spellcasting


You had 6 spell levels left.
You knew the following spells:

 Your Spells              Type           Power      Damage    Failure   Level
a - Magic Dart            Conj           100%       1d8       1%          1
b - Searing Ray           Conj           100%       3d7       1%          2
c - Dazzling Flash        Conj/Hex       100%       N/A       1%          3
d - Fulminant Prism       Conj/Hex       27%        3d14      1%          4
e - Iskenderun's Mystic   Conj/Tloc      55%        2d12      1%          4
f - Summon Small Mammal   Summ           100%       N/A       1%          1
g - Blink                 Tloc           N/A        N/A       1%          2
h - Teleport Other        Tloc           55%        N/A       1%          3
i - Conjure Flame         Conj/Fire      55%        6-21      1%          3
j - Animate Dead          Necr           27%        N/A       1%          4
Your spell library was empty.

Dungeon Overview and Level Annotations

Branches:
Dungeon (11/15)            Temple (1/1) D:4            Lair (2/6) D:9
  Swamp: Lair:2-4    Shoals: Lair:2-4     Snake: Lair:2-4    Spider: Lair:2-4
    Orc: D:9-12

Altars:
Ashenzari
Cheibriados
Dithmenos
Elyvilon
Fedhas
Gozag
Hepliaklqana
Kikubaaqudgha
Makhleb
Nemelex Xobeh
Okawaru
Qazlal
Ru
Sif Muna
Trog
Uskayaw
Vehumet
Wu Jian
Xom
Yredelemnul
Zin
The Shining One
Beogh

Shops:
D:1 !   D:10 [   D:11 **

Annotations:
D:7 1 runed translucent door, Crazy Yiuf


Innate Abilities, Weirdness & Mutations

Your life essence is reduced to manifest your ancestor. (-10% HP)
You are immune to poison.
Your flesh is very heat resistant. (rF++)
You are vulnerable to cold. (rC-)
You float through the air rather than walking.
You learn spells naturally, not from books.
Your magical power is your life essence.
You have superior vitality. (+4 HP)


Message History

Casting: Magic Dart (safe; 1% risk of failure)
Confirm with . or Enter, or press ? or * to list all spells.
Aiming: Searing Ray (safe; 1% risk of failure)
Press: ? - help, Shift-Dir - straight line, f/p - seven-headed hydra
Aim: a seven-headed hydra (lightly wounded, lightly drained, ally target, 6% to evade)
The searing ray hits the seven-headed hydra.
The seven-headed hydra is moderately wounded. (Press . to maintain the ray.)
The seven-headed hydra bites you but does no damage.
The seven-headed hydra completely misses you.
The seven-headed hydra bites you!
The seven-headed hydra bites you but does no damage.
The seven-headed hydra bites you! The seven-headed hydra bites you.
The seven-headed hydra completely misses you.
Kendra gestures at the seven-headed hydra while chanting.
The seven-headed hydra resists with almost no effort.
Your fulminant prism explodes!
The blast of energy engulfs Kendra!!
Kendra is heavily damaged.
The blast of energy engulfs the seven-headed hydra!!
The seven-headed hydra is heavily wounded.
The searing ray hits the seven-headed hydra!
The seven-headed hydra is severely wounded.
The seven-headed hydra bites you but does no damage.
The seven-headed hydra bites you!
* * * LOW HITPOINT WARNING * * *
The seven-headed hydra bites you but does no damage. x2
The seven-headed hydra bites you.
* * * LOW HITPOINT WARNING * * *
The seven-headed hydra barely misses you.
The seven-headed hydra misses you.
Kendra hits the seven-headed hydra with a +0 dagger of draining!
Kendra drains the seven-headed hydra.
The searing ray hits the seven-headed hydra!
The seven-headed hydra is almost dead.
* * * LOW HITPOINT WARNING * * *
The seven-headed hydra bites you.
* * * LOW HITPOINT WARNING * * *
The seven-headed hydra misses you. The seven-headed hydra bites you!
You die...

............#
..........##### ........
#...#.#######.##......?..
##########...............
##.P#.P##...............
......................#
.....................#
...........P.####DR.##
#.#####P....## #@....##
### #..[..## ##...#.##P
###...######........
#...##.#.#........
#...†.........>...
#............######
##...........#
...............#
#####..P####P..#


You could see the friendly Kendra the hexer and a seven-headed hydra (drained,
ally target).

Vanquished Creatures
  A hydra (Lair:1)
  A two-headed ogre (D:10)
  Sonja (D:11)
  3 skeletal warriors (D:11)
  A cane toad (Lair:1)
  An unseen horror (D:10)
  A komodo dragon (D:11)
  Maggie (D:9)
  A troll (D:11)
  A hornet (D:8)
  A wraith (D:11)
  Sigmund (D:3)
  12 yaks
  A wyvern (D:11)
  2 steam dragons
  2 acid dragons
  4 orc warriors
  A hornet zombie (D:8)
  2 black bears
  A necrophage (D:6)
  7 centaurs
  A kobold brigand (D:8)
  A gnoll sergeant (D:7)
  6 bullfrogs
  A wyvern zombie (D:8)
  2 scorpions (D:9)
  A wyvern skeleton (D:6)
  14 killer bees
  4 wights (D:7)
  8 howler monkeys
  A bullfrog zombie (D:5)
  2 bullfrog skeletons (D:5)
  5 centaur zombies
  8 orc priests
  A jelly (D:6)
  A hound (D:6)
  Jessica (D:2)
  An iguana (D:3)
  2 orc wizards
  4 hexers
  2 howler monkey zombies
  3 gnolls (D:7)
  8 adders
  2 shadow imps (D:6)
  An adder skeleton (D:5)
  A worm (D:2)
  32 orcs
  5 ball pythons
  3 bat zombies (D:4)
  6 endoplasms
  5 giant cockroaches
  A goblin (D:1)
  5 hobgoblins
  4 jackals
  3 quokkas
  4 bats
  3 frilled lizards
  A jackal skeleton (D:4)
  15 kobolds
  6 rats
  A rat zombie (D:4)
221 creatures vanquished.

Vanquished Creatures (collateral kills)
  A two-headed ogre (D:8)
  2 cane toads
  Psyche (D:10)
  A rime drake (Lair:1)
  A vampire (D:10)
  A steam dragon (D:9)
  A yak (D:11)
  An orc warrior (D:9)
  A black bear (D:9)
  A kobold brigand (D:9)
  A bullfrog (Lair:2)
  2 scorpions
  A water moccasin zombie (D:5)
  A killer bee (D:9)
  A jelly (D:5)
  2 iguanas
  An orc wizard (D:7)
  A gnoll (D:7)
  An adder skeleton (D:4)
  A worm (D:4)
  2 orcs
  2 kobolds
27 creatures vanquished.

Vanquished Creatures (others)
  5 hexers
  47 fulminant prisms
  19 fungi
  11 plants (D:9)
82 creatures vanquished.

Grand Total: 330 creatures vanquished

Notes
Turn   | Place    | Note
-------+----------+-------------------------------------------
     0 | D:1      | bilbop the Djinni Conjurer began the quest for the Orb.
     0 | D:1      | Reached XP level 1. HP: 15/15 MP: 0/0
   168 | D:1      | Found Uqappy's Distillery.
   446 | D:1      | Found a faded altar of an unknown god.
   468 | D:1      | Reached XP level 2. HP: 18/21 MP: 0/0
  1593 | D:2      | Reached XP level 3. HP: 21/25 MP: 0/0
  1593 | D:2      | Learned a level 1 spell: Summon Small Mammal
  1794 | D:2      | Reached skill level 4 in Spellcasting
  1977 | D:2      | Reached skill level 1 in Short Blades
  2172 | D:2      | Noticed Jessica
  2178 | D:2      | Killed Jessica
  2179 | D:2      | Reached XP level 4. HP: 25/31 MP: 0/0
  2185 | D:2      | Identified Jessica's Almanac of the Soldier
  2534 | D:3      | Noticed Sigmund
  2543 | D:3      | Killed Sigmund
  2544 | D:3      | Reached XP level 5. HP: 10/35 MP: 0/0
  2544 | D:3      | Learned a level 2 spell: Blink
  2544 | D:3      | Reached XP level 6. HP: 11/40 MP: 0/0
  3553 | D:4      | Found a staircase to the Ecumenical Temple.
  3563 | Temple   | Entered the Ecumenical Temple
  3737 | Temple   | Became a worshipper of Hepliaklqana the Forgotten
  3979 | D:4      | Reached skill level 5 in Spellcasting
  4575 | D:5      | Entered Level 5 of the Dungeon
  4575 | D:5      | Reached * piety under Hepliaklqana
  4602 | D:5      | Reached XP level 7. HP: 23/40 MP: 0/0
  4602 | D:5      | Learned a level 3 spell: Teleport Other
  5355 | D:5      | Identified the +1 leather armour of Dyop {rN+ Will- Slay+3}
  6119 | D:6      | Reached skill level 6 in Spellcasting
  6119 | D:6      | Reached XP level 8. HP: 33/45 MP: 0/0
  6129 | D:6      | Reached skill level 5 in Dodging
  7329 | D:7      | Found a runed translucent door.
  7330 | D:7      | Noticed Crazy Yiuf
  7447 | D:7      | Reached ** piety under Hepliaklqana
  7448 | D:7      | Remembered your ancestor Kendra as a hexer
  7869 | D:7      | Reached skill level 7 in Spellcasting
  7869 | D:7      | Reached XP level 9. HP: 46/49 MP: 0/0
  7869 | D:7      | Learned a level 3 spell: Conjure Flame
  8898 | D:8      | Reached skill level 5 in Stealth
  9250 | D:8      | Noticed a hornet
  9259 | D:8      | Killed a hornet
  9441 | D:8      | Noticed a two-headed ogre
  9451 | D:8      | Killed a two-headed ogre
  9452 | D:8      | Reached skill level 5 in Short Blades
  9452 | D:8      | Reached skill level 8 in Spellcasting
  9656 | D:8      | Reached XP level 10. HP: 39/54 MP: 0/0
 10983 | D:9      | Reached skill level 9 in Spellcasting
 11089 | D:9      | Found a staircase to the Lair.
 11096 | D:9      | Reached *** piety under Hepliaklqana
 12137 | D:9      | Noticed Maggie
 12146 | D:9      | Killed Maggie
 12457 | D:10     | Entered Level 10 of the Dungeon
 12535 | D:10     | Noticed a two-headed ogre
 12760 | D:10     | Killed a two-headed ogre
 12761 | D:10     | Reached XP level 11. HP: 43/58 MP: 0/0
 12761 | D:10     | Learned a level 4 spell: Animate Dead
 12895 | D:10     | Noticed Psyche
 12900 | D:10     | Killed Psyche
 13237 | D:10     | Found Azibek's Antique Armour Shoppe.
 13240 | D:10     | Bought an ancient robe for 193 gold pieces
 13240 | D:10     | Identified the +3 robe of Qaebutan {Rampage +Blink Will+}
                  | (You bought it in a shop on level 10 of the Dungeon)
 13240 | D:10     | Bought a runed hat for 238 gold pieces
 13793 | D:11     | Reached **** piety under Hepliaklqana
 13815 | D:11     | Reached skill level 10 in Spellcasting
 14262 | D:11     | Found Zamen's Assorted Antiques.
 14314 | D:11     | Found Miumuk's Assorted Antiques.
 14694 | D:11     | Noticed a skeletal warrior
 14701 | D:11     | Noticed Sonja
 14701 | D:11     | Noticed a skeletal warrior
 14706 | D:11     | Killed a skeletal warrior
 14709 | D:11     | Noticed a skeletal warrior
 14709 | D:11     | Killed Sonja
 14718 | D:11     | Killed a skeletal warrior
 14726 | D:11     | Killed a skeletal warrior
 15323 | Lair:1   | Entered Level 1 of the Lair of Beasts
 15375 | Lair:1   | Reached XP level 12. HP: 59/63 MP: 0/0
 16255 | Lair:1   | Noticed a seven-headed hydra
 16263 | Lair:1   | Killed a seven-headed hydra
 16264 | Lair:1   | Reached skill level 11 in Spellcasting
 17144 | Lair:2   | Noticed a seven-headed hydra
 17152 | Lair:2   | HP: 3/63 [seven-headed hydra (5)]
 17152 | Lair:2   | Mangled by a seven-headed hydra

Illustrated notes

Levels and vault maps discovered:
D:1:      erik_arrival_cave_to_civilisation [erik_arrival_cave_to_hall],
          layout_basic, serial_shops, shop, ebering_ecumenical_altar_box,
          minmay_misc_feat_more_columns, minmay_misc_feat_enclosed
D:2:      layout_loops_ring, kennysheep_jessica_study
D:3:      layout_loops_corners, uniq_sigmund
D:4:      layout_cave_pools, lemuel_zombie_altar_kikubaaqudgha,
          minmay_temple_entry_waves
D:5:      layout_rooms
D:6:      layout_loops_ring
D:7:      layout_basic, st_stairs_6, uniq_crazy_yiuf_cottage
D:8:      layout_gridville, grunt_ministairs_3
D:9:      layout_stronghold, grunt_lair_entry_orc_guard_hut,
          david_defended_altar_orc, uniq_maggie
D:10:     layout_rooms, serial_shops, nicolae_shop_behind_doors, uniq_psyche
D:11:     layout_cave_pods, serial_shops, shop, shop, uniq_sonja
Temple:   minmay_crystal_snake_temple
Lair:1:   layout_loops_ring, st_stairs_13
Lair:2:   layout_small_grid, elwin_shoals_entry_stream, serial_bayou_shore_b,
          grunt_megastairs_5

Skill      XL: |  1  2  3  4  5  6  7  8  9 10 11 12 |
---------------+-------------------------------------+-----
Stealth        | 2 3 4 5 7 8 |  8.2
Spellcasting   | 4 5 6 7 8 9 10 11 | 11.0
Short Blades   | 1 2 3 4 5 6 7 8 |  8.0
Dodging        | 3 4 5 7 8 9 |  9.9

Action                   |  1- 3 |  4- 6 |  7- 9 | 10-12 || total
-------------------------+-------+-------+-------+-------++-------
Melee: Dagger            |       |     7 |     5 |    14 ||    26
 Cast: Magic Dart        |    56 |    43 |    35 |    44 ||   178
       Searing Ray       |     4 |    15 |    51 |    73 ||   143
       Fulminant Prism   |       |       |    11 |    36 ||    47
       Summon Small Mamm |       |       |     2 |     1 ||     3
       Conjure Flame     |       |       |     1 |     1 ||     2
Invok: Ancestor Identity |       |     1 |       |       ||     1
       Ancestor Life: He |       |       |     1 |       ||     1
  Use: Scroll            |       |       |    11 |     4 ||    15
 Stab: Confused          |       |       |     1 |       ||     1
Armor: Robe              |     1 |     3 |    13 |    41 ||    58
Dodge: Dodged            |       |    12 |    21 |    71 ||   104

Table legend: (Time is in decaauts)
 A = Elapsed time spent in this place.
 B = Non-inter-level travel time spent in this place.
 C = Inter-level travel time spent in this place.
 D = Time resting spent in this place.
 E = Time spent auto-exploring this place.
 F = Levels seen in this place.
 G = Mean time per level.
                   A        B        C        D        E       F      G
               +--------+--------+--------+--------+--------+-----+--------+
         Total |  17143 |  16735 |    408 |   6712 |   8736 |  14 | 1224.5 |
       Dungeon |  15097 |  14774 |    323 |   5800 |   7799 |  11 | 1372.5 |
        Temple |    217 |    175 |     42 |      0 |    167 |   1 |  217.0 |
          Lair |   1828 |   1785 |     43 |    912 |    770 |   2 |  914.0 |
               +--------+--------+--------+--------+--------+-----+--------+

Top non-repeatable levels by time:
     D:9: 2450 daAuts
     D:7: 2127 daAuts
    D:11: 1820 daAuts
  Lair:1: 1590 daAuts
     D:6: 1399 daAuts
     D:3: 1261 daAuts
     D:2: 1232 daAuts
     D:8: 1209 daAuts
     D:1: 1031 daAuts
     D:5: 922 daAuts
     D:4: 829 daAuts
    D:10: 813 daAuts
  Lair:2: 238 daAuts
  Temple: 217 daAuts
